 Dungeon Sprint DCSS version 0.26-a0-658-gbdda728c12 (webtiles) character file.

Game seed: 3447131325822360491

213223 mhtbhm the Minotaur Barricade (level 16, -1/265 (274) HPs)
             Began as a Minotaur Fighter on Oct 4, 2020.
             Was the Champion of Trog.
             Slain by an Executioner (5 damage)
             ... summoned by Gloorx Vloq
             ... in the Dungeon (Sprint IX: "|||||||||||||||||||||||||||||").
             The game lasted 00:18:43 (7279 turns).

mhtbhm the Minotaur Barricade (Minotaur Fighter)    Turns: 7279, Time: 00:18:44

HP:   -1/265 (274)  AC: 21    Str: 29    XL:     16   Next: 96%
MP:   5/5           EV: 28    Int:  5    God:    Trog [******]
Gold: 230           SH: 28    Dex: 12    Spells: 15/15 levels left

rFire    + . .     SeeInvis .   q - +5 double sword (antimagic)
rCold    . . .     Faith    .   c - +1 tower shield
rNeg     . . .     Spirit   .   b - +1 swamp dragon scales
rPois    +         Reflect  .   (helmet restricted)
rElec    .         Harm     .   n - +1 cloak
rCorr    .         Rampage  .   E - +0 pair of gloves {Dex+3}
MR       +....     NoTele   +   v - +0 pair of boots
Stlth    ..........             (no amulet)
HPRegen  0.00/turn              L - +4 ring of evasion
MPRegen  0.09/turn              y - ring of protection from fire

@: mighty, berserking (expiring), lethally poisoned (-1 -> -60),
non-regenerating, badly diseased, hasted and slowed
A: retaliatory headbutt, horns 2
}: 4/17 runes: decaying, serpentine, barnacled, gossamer
a: Berserk, Trog's Hand, Brothers in Arms, Renounce Religion


You were in the Dungeon.
You worshipped Trog.
Trog was exalted by your worship.
You visited 1 branch You collected 1925 gold pieces.
You spent 1695 gold pieces at shops.

Inventory:

Hand Weapons
 a - a +3 vorpal demon blade
 q - a +5 antimagic double sword (weapon)
 x - a +4 demon blade of draining
 C - a +5 vampiric scimitar
 H - a +4 trishula of holy wrath
Missiles
 o - 6 curare-tipped darts
 z - 2 throwing nets
 D - 13 javelins (quivered)
Armour
 b - +1 swamp dragon scales (worn)
 c - a +1 tower shield (worn)
 n - a +1 cloak (worn)
 v - a +0 pair of boots (worn)
 E - a +0 pair of gloves of dexterity (worn)
Jewellery
 y - a ring of protection from fire (right hand)
 A - an uncursed ring of see invisible
 I - a +2 ring of slaying
 L - a +4 ring of evasion (left hand)
Wands
 m - a wand of iceblast (15)
 w - a wand of flame (17)
Scrolls
 l - 6 scrolls of remove curse
 p - 2 scrolls of enchant weapon
 s - 6 scrolls of fear
 t - 2 scrolls of fog
 u - 6 scrolls of enchant armour
 B - a scroll of magic mapping
Potions
 d - 5 potions of might
 e - a potion of invisibility
 f - 10 potions of heal wounds
 g - 4 potions of haste
 h - 4 potions of magic
 i - 3 potions of berserk rage
 k - 7 potions of curing
 r - 3 potions of resistance
 F - a potion of flight {unknown}
 G - a potion of lignification


   Skills:
 O Level 27 Fighting
 O Level 27 Long Blades
 + Level 15.8 Throwing
 + Level 20.6 Armour
 + Level 22.8 Dodging
 + Level 4.7 Stealth
 O Level 27 Shields
 + Level 1.3 Evocations


You had 15 spell levels left.
You didn't know any spells.
Your spell library was empty.

Dungeon Overview and Level Annotations

Branches:
Dungeon (1/1)

Altars:
Cheibriados
Dithmenos
Elyvilon
Fedhas
Gozag
Hepliaklqana
Kikubaaqudgha
Makhleb
Nemelex Xobeh
Okawaru
Qazlal
Ru
Sif Muna
Trog
Uskayaw
Vehumet
Wu Jian
Xom
Yredelemnul
Zin
The Shining One
Beogh
Jiyva
Lugonu

Shops:
D !**(

Annotations:
D Gloorx Vloq


Innate Abilities, Weirdness & Mutations

You reflexively headbutt those who attack you in melee.
You have a pair of horns on your head.


Message History

You feel sick. You block the Executioner's attack.
The Executioner barely misses you. You block the Executioner's attack.
Gloorx Vloq calls on the powers of darkness!
Your body is wracked with pain!
* * * LOW HITPOINT WARNING * * *
You slice the Executioner!!
The Executioner's magic leaks into the air.
You headbutt the Executioner!
The Executioner is heavily wounded.
You are engulfed in dark miasma.
You are more poisoned.
You feel your flesh rotting away!
* * * LOW HITPOINT WARNING * * *
x2 You feel very sick.
The Executioner misses you. You furiously retaliate!
You headbutt the Executioner. You block the Executioner's attack.
The Executioner hits you but does no damage.
You block the Executioner's attack. The Executioner hits you.
* * * LOW HITPOINT WARNING * * *
The Executioner hits you.
You die...

.▓.▓.▓.▓.▓)▓.▓.▓.▓§▓
.▓.▓.▓)▓.▓.▓.▓'▓.▓)▓
.▓.▓.▓.▓.▓.▓.▓)▓.▓1▓
.▓.▓.▓)▓.▓.▓.▓.▓.▓)▓
.▓)▓.▓)▓.▓.▓.▓.▓°▓§▓
.▓)▓.▓)▓.▓.▓.▓.▓°▓§▓
.▓)▓.▓.▓.▓.▓.▓.▓°▓&▓
.▓)▓.▓.▓.▓.▓.▓.▓°▓§▓
.▓(▓.▓)▓.▓.▓.▓.▓@▓§▓
.▓.▓.▓.▓.▓.▓.▓.▓1▓§▓
.▓.▓.▓.▓.▓'▓.▓)▓&▓§▓
.▓.▓.▓.▓)▓.▓.▓.▓1▓)▓
.▓.▓.▓)▓.▓.▓.▓†▓1▓)▓
.▓.▓.▓.▓.▓.▓.▓)▓°▓.▓
.▓.▓.▓.▓.▓.▓.▓)▓.▓.▓
.▓.▓.▓.▓.▓.▓.▓)▓.▓.▓
.▓.▓)▓.▓.▓.▓.▓)▓.▓.▓


You could see Gloorx Vloq and 3 Executioners.

Vanquished Creatures
  Mara (D)
  Mennas (D)
  Saint Roka (D)
  A golden dragon (D)
  Jory (D)
  An Orb Guardian (D)
  A quicksilver dragon (D)
  A thorn hunter (D)
  2 shadow dragons (D)
  A tengu reaver (D)
  A storm dragon (D)
  4 nagarajas (D)
  Ilsuiw (D)
  An iron dragon (D)
  A frost giant (D)
  2 vault wardens (D)
  2 ghost moths (D)
  5 emperor scorpions (D)
  5 ironheart preservers (D)
  A very ugly thing (D)
  5 stone giants (D)
  A spark wasp (D)
  5 ettins (D)
  2 merfolk javelineers (D)
  2 fire dragons (D)
  5 merfolk impalers (D)
  4 yaktaur captains (D)
  A rakshasa (D)
  An ice dragon (D)
  25 vault guards (D)
  6 hydras (D)
  A catoblepas (D)
  5 naga warriors (D)
  Erica (D)
  4 merfolk aquamancers (D)
  2 ogre magi (D)
  A centaur warrior (D)
  A death yak (D)
  2 deep troll shamans (D)
  A deep troll earth mage (D)
  A vampire mage (D)
  2 orc high priests (D)
  Sonja (D)
  A naga sharpshooter (D)
  Urug (D)
  Nergalle (D)
  A sea snake (D)
  A naga ritualist (D)
  2 spriggan druids (D)
  A wizard (D)
  7 swamp dragons (D)
  A flayed ghost (D)
  An unseen horror (D)
  7 orc knights (D)
  2 ironbrand convokers (D)
  2 wolf spiders (D)
  4 orc sorcerers (D)
  A manticore (D)
  An ugly thing (D)
  A moth of wrath (shapeshifter) (D)
  3 moths of wrath (D)
  A manticore (shapeshifter) (D)
  5 black mambas (D)
  3 guardian serpents (D)
  A naga mage (D)
  A merfolk siren (D)
  An elephant (D)
  7 cane toads (D)
  A black mamba (shapeshifter) (D)
  Psyche (D)
  A komodo dragon (D)
  A rime drake (D)
  A freezing wraith (D)
  An efreet (D)
  2 yaktaurs (D)
  3 trolls (D)
  A hornet (D)
  6 merfolk (D)
  2 tyrant leeches (D)
  2 jumping spiders (D)
  6 blink frogs (D)
  A snapping turtle (D)
  A dream sheep (shapeshifter) (D)
  A slime creature (D)
  2 bog bodies (D)
  2 tarantellas (D)
  5 redbacks (D)
  2 wraiths (D)
  A shadow (D)
  A wyvern (D)
  2 yaks (D)
  A warg (D)
  A vampire mosquito (D)
  2 nagas (D)
  An acid dragon (D)
  2 water moccasins (D)
  16 orc warriors (D)
  An ice beast (D)
  A wolf (D)
  An ogre (D)
  8 bullfrogs (D)
  2 orc priests (D)
  3 orc wizards (D)
  A worker ant (D)
  2 adders (D)
  A white imp (D)
  A leopard gecko (D)
  11 orcs (D)
  A ball python (D)
  A bat skeleton (D)
  2 goblins (D)
  2 bats (D)
  A leopard gecko skeleton (D)
278 creatures vanquished.

Vanquished Creatures (collateral kills)
  A fire dragon (D)
  An ettin (D)
  An ice dragon (D)
  A deep troll earth mage (D)
  A hell knight (D)
  A boggart (D)
6 creatures vanquished.

Vanquished Creatures (others)
  A jackal skeleton (D)
1 creature vanquished.

Grand Total: 285 creatures vanquished

Notes
Turn   | Place    | Note
-------+----------+-------------------------------------------
     0 | D        | mhtbhm the Minotaur Fighter began the quest for the Orb.
     0 | D        | Reached XP level 1. HP: 19/19 MP: 0/0
    28 | D        | Noticed a water moccasin
    28 | D        | Noticed a worker ant
    29 | D        | Reached skill level 1 in Dodging
    29 | D        | Reached XP level 2. HP: 28/28 MP: 1/1
    33 | D        | Reached skill level 5 in Shields
    36 | D        | Banished a spatial maelstrom
    36 | D        | Reached skill level 5 in Fighting
    39 | D        | Reached skill level 5 in Armour
    39 | D        | Reached XP level 3. HP: 19/36 MP: 2/2
    47 | D        | Killed a water moccasin
    47 | D        | Reached XP level 4. HP: 3/45 MP: 3/3
    47 | D        | Reached XP level 5. HP: 4/51 MP: 4/4
   175 | D        | Found a roughly hewn altar of Beogh.
   175 | D        | Found a snail-covered altar of Cheibriados.
   175 | D        | Found a shadowy altar of Dithmenos.
   175 | D        | Found a white marble altar of Elyvilon.
   175 | D        | Found a blossoming altar of Fedhas.
   175 | D        | Found an opulent altar of Gozag.
   176 | D        | Found a hazy altar of Hepliaklqana.
   177 | D        | Found a viscous altar of Jiyva.
   178 | D        | Found an ancient bone altar of Kikubaaqudgha.
   179 | D        | Found a corrupted altar of Lugonu.
   180 | D        | Found a burning altar of Makhleb.
   181 | D        | Found a sparkling altar of Nemelex Xobeh.
   182 | D        | Found an iron altar of Okawaru.
   183 | D        | Found a stormy altar of Qazlal.
   184 | D        | Found a sacrificial altar of Ru.
   185 | D        | Found a shimmering blue altar of Sif Muna.
   186 | D        | Found a bloodstained altar of Trog.
   187 | D        | Found a hide-covered altar of Uskayaw.
   188 | D        | Found a radiant altar of Vehumet.
   189 | D        | Found an ornate altar of the Wu Jian Council.
   190 | D        | Found a shimmering altar of Xom.
   191 | D        | Found a basalt altar of Yredelemnul.
   192 | D        | Found a glowing silver altar of Zin.
   193 | D        | Found a glowing golden altar of the Shining One.
   194 | D        | Became a worshipper of Trog the Wrathful
   249 | D        | Noticed an ogre
   249 | D        | Noticed a troll
   249 | D        | Noticed a hornet
   251 | D        | Killed a hornet
   251 | D        | Reached XP level 6. HP: 52/62 MP: 5/5
   258 | D        | Killed a troll
   258 | D        | Reached skill level 10 in Shields
   258 | D        | Reached XP level 7. HP: 57/70 MP: 6/6
   260 | D        | Reached * piety under Trog
   267 | D        | Reached ** piety under Trog
   325 | D        | Noticed a wyvern
   325 | D        | Noticed a yak
   325 | D        | Noticed a troll
   331 | D        | Killed a troll
   331 | D        | Reached skill level 10 in Long Blades
   333 | D        | Reached skill level 10 in Fighting
   335 | D        | Killed an unseen horror
   335 | D        | Reached skill level 10 in Armour
   335 | D        | Reached XP level 8. HP: 62/79 MP: 7/7
   340 | D        | Reached *** piety under Trog
   343 | D        | Reached skill level 5 in Dodging
   621 | D        | Noticed a cane toad
   621 | D        | Noticed a cane toad
   621 | D        | Noticed a blink frog
   622 | D        | Noticed an elephant
   625 | D        | Noticed a komodo dragon
   627 | D        | Killed a blink frog
   629 | D        | Reached **** piety under Trog
   631 | D        | Noticed a cane toad
   636 | D        | Reached XP level 9. HP: 71/89 MP: 8/8
   642 | D        | Killed a cane toad
   645 | D        | Killed a cane toad
   648 | D        | HP: 3/90 [elephant (13)]
   654 | D        | Killed an elephant
   654 | D        | Reached ***** piety under Trog
   654 | D        | Reached skill level 15 in Long Blades
   658 | D        | Killed a komodo dragon
   662 | D        | Killed a cane toad
   981 | D        | Noticed a rime drake
   981 | D        | Noticed a death yak
   981 | D        | Noticed a cane toad
   983 | D        | Noticed a catoblepas
   998 | D        | Killed a death yak
   998 | D        | Reached XP level 10. HP: 89/100 MP: 9/9
   999 | D        | Killed a cane toad
   999 | D        | Reached skill level 1 in Stealth
  1005 | D        | Killed a catoblepas
  1005 | D        | Received a gift from Trog
  1113 | D        | Noticed a cane toad
  1122 | D        | Killed a cane toad
  1135 | D        | Received a gift from Trog
  1139 | D        | Reached ****** piety under Trog
  1206 | D        | Noticed Psyche
  1212 | D        | Killed Psyche
  1238 | D        | Noticed Erica
  1251 | D        | Killed Erica
  1251 | D        | Reached skill level 15 in Fighting
  1251 | D        | Reached skill level 15 in Shields
  1251 | D        | Reached XP level 11. HP: 103/112 MP: 10/10
  1306 | D        | Noticed an ettin
  1308 | D        | Received a gift from Trog
  1325 | D        | Killed an ettin
  1476 | D        | Noticed an orc sorcerer
  1479 | D        | Received a gift from Trog
  1490 | D        | Noticed an orc knight
  1493 | D        | Noticed a sun demon
  1494 | D        | Killed an orc sorcerer
  1513 | D        | Received a gift from Trog
  1519 | D        | Killed an orc knight
  1714 | D        | Found Syaschif's Weapon Boutique.
  1714 | D        | Noticed an orc high priest
  1714 | D        | Noticed an orc sorcerer
  1714 | D        | Noticed an orc knight
  1714 | D        | Noticed an orc knight
  1715 | D        | Noticed an orc high priest
  1720 | D        | Killed an orc knight
  1721 | D        | Found Jefyirue's Assorted Antiques.
  1721 | D        | Noticed an orc sorcerer
  1726 | D        | Killed an orc knight
  1728 | D        | Received a gift from Trog
  1730 | D        | Killed an orc sorcerer
  1736 | D        | Killed an orc high priest
  1737 | D        | Found Veer Zimp's General Store.
  1751 | D        | Killed an orc high priest
  1751 | D        | Noticed an orc knight
  1757 | D        | Killed an orc sorcerer
  1758 | D        | Found Zuclurgh's Distillery.
  1777 | D        | Killed an orc knight
  1780 | D        | Received a gift from Trog
  1814 | D        | Noticed an orc sorcerer
  1818 | D        | Noticed a soul eater
  1830 | D        | Killed an orc sorcerer
  1848 | D        | Bought a small diamond amulet for 110 gold pieces
  1848 | D        | Bought a scroll labeled AVURAIRR BUFEO for 22 gold pieces
  1848 | D        | Bought a scroll labeled YSIAPR LIUZU for 22 gold pieces
  1854 | D        | Bought a shiny chain mail for 165 gold pieces
  1859 | D        | Bought a scroll labeled YSIAPR LIUZU for 22 gold pieces
  1859 | D        | Bought a scratched golden ring for 110 gold pieces
  1861 | D        | Bought a scroll of magic mapping for 38 gold pieces
  1861 | D        | Bought a potion of curing for 33 gold pieces
  1861 | D        | Bought a +5 vampiric scimitar for 429 gold pieces
  1863 | D        | Bought a potion of heal wounds for 60 gold pieces
  1863 | D        | Bought a potion of resistance for 120 gold pieces
  1863 | D        | Bought a potion of heal wounds for 60 gold pieces
  1863 | D        | Bought a potion of heal wounds for 60 gold pieces
  1863 | D        | Bought a potion of haste for 120 gold pieces
  1863 | D        | Bought a potion of haste for 120 gold pieces
  1863 | D        | Bought a potion of heal wounds for 60 gold pieces
  1863 | D        | Bought a potion of curing for 36 gold pieces
  1863 | D        | Bought a potion of curing for 36 gold pieces
  1863 | D        | Bought a potion of curing for 36 gold pieces
  1877 | D        | Bought a potion of curing for 36 gold pieces
  1902 | D        | Acquired a +4 demon blade of draining
  2339 | D        | Received a gift from Trog
  2339 | D        | Noticed a stone giant
  2344 | D        | Reached XP level 12. HP: 122/127 MP: 11/11
  2345 | D        | Noticed a rakshasa
  2346 | D        | Noticed an ettin
  2348 | D        | Noticed a deep troll earth mage
  2351 | D        | Killed a stone giant
  2353 | D        | Noticed an ettin
  2361 | D        | Killed a rakshasa
  2366 | D        | Killed an ettin
  2368 | D        | Received a gift from Trog
  2369 | D        | Killed a deep troll earth mage
  2375 | D        | Killed an ettin
  2375 | D        | Reached skill level 15 in Armour
  2540 | D        | Noticed a deep troll shaman
  2548 | D        | Killed a deep troll shaman
  2663 | D        | Noticed Sonja
  2681 | D        | Killed Sonja
  3008 | D        | Noticed a naga warrior
  3009 | D        | Noticed a naga warrior
  3019 | D        | Received a gift from Trog
  3029 | D        | Killed a naga warrior
  3057 | D        | Killed a naga warrior
  3057 | D        | Received a gift from Trog
  3148 | D        | Noticed a merfolk impaler
  3153 | D        | Killed a merfolk impaler
  3153 | D        | Reached skill level 1 in Evocations
  3168 | D        | Received a gift from Trog
  3181 | D        | Reached XP level 13. HP: 139/139 MP: 12/12
  3224 | D        | Got a scorched falchion {god gift}
  3225 | D        | Identified the +3 falchion of Guebashy {antimagic, rPois
                  | MR- Str+5} (Trog gifted it to you in the Dungeon)
  3303 | D        | Noticed a thorn hunter
  3308 | D        | Received a gift from Trog
  3322 | D        | Killed a thorn hunter
  3334 | D        | Received a gift from Trog
  3442 | D        | Noticed a spark wasp
  3442 | D        | Noticed an emperor scorpion
  3461 | D        | Killed an emperor scorpion
  3468 | D        | Killed a spark wasp
  3468 | D        | Received a gift from Trog
  3540 | D        | Noticed Urug
  3549 | D        | Killed Urug
  3603 | D        | Noticed an emperor scorpion
  3617 | D        | Killed an emperor scorpion
  3655 | D        | Noticed Nergalle
  3669 | D        | Killed Nergalle
  3669 | D        | Received a gift from Trog
  3694 | D        | Noticed a stone giant
  3694 | D        | Noticed a frost giant
  3695 | D        | Noticed an iron dragon
  3698 | D        | Noticed a quicksilver dragon
  3702 | D        | Killed a frost giant
  3706 | D        | Killed a stone giant
  3706 | D        | Reached skill level 1 in Throwing
  3711 | D        | Noticed an ettin
  3713 | D        | Killed an iron dragon
  3719 | D        | Killed a quicksilver dragon
  3720 | D        | Noticed a fire dragon
  3726 | D        | Noticed a green very ugly thing
  3727 | D        | Received a gift from Trog
  3745 | D        | Killed a green very ugly thing
  3745 | D        | Received a gift from Trog
  3745 | D        | Reached XP level 14. HP: 28/151 MP: 13/13
  4250 | D        | Received a gift from Trog
  4295 | D        | Noticed an ironheart preserver
  4299 | D        | Noticed an ironheart preserver
  4301 | D        | Killed an ironheart preserver
  4317 | D        | Killed an ironheart preserver
  4317 | D        | Received a gift from Trog
  4325 | D        | Reached skill level 5 in Throwing
  4331 | D        | Noticed a storm dragon
  4339 | D        | Received a gift from Trog
  4339 | D        | Noticed an ironheart preserver
  4343 | D        | Noticed a vault warden
  4356 | D        | Killed a storm dragon
  4371 | D        | Killed an ironheart preserver
  4376 | D        | Received a gift from Trog
  4378 | D        | Killed a vault warden
  4542 | D        | Noticed an ironheart preserver
  4543 | D        | Noticed a stone giant
  4544 | D        | Noticed an ironheart preserver
  4562 | D        | Killed an ironheart preserver
  4565 | D        | Reached skill level 10 in Dodging
  4576 | D        | Killed a stone giant
  4580 | D        | Killed an ironheart preserver
  4580 | D        | Received a gift from Trog
  4710 | D        | Got a scorched triple sword {god gift}
  4777 | D        | Noticed Mara
  4778 | D        | Noticed mhtbhm's illusion
  4816 | D        | Noticed mhtbhm's illusion
  4823 | D        | Killed Mara
  5055 | D        | Noticed Jory
  5076 | D        | Killed Jory
  5076 | D        | Reached XP level 15. HP: 156/165 MP: 14/14
  5112 | D        | Identified the +4 triple sword "Quqosezo" {flame, MR+ Dex+4
                  | Stlth-} (Trog gifted it to you in the Dungeon)
  5172 | D        | Noticed a nagaraja
  5172 | D        | Noticed a nagaraja
  5173 | D        | Noticed a nagaraja
  5178 | D        | Noticed a nagaraja
  5189 | D        | Killed a nagaraja
  5189 | D        | Received a gift from Trog
  5191 | D        | Killed a nagaraja
  5196 | D        | Killed a nagaraja
  5197 | D        | Received a gift from Trog
  5205 | D        | Killed a nagaraja
  5214 | D        | Received a gift from Trog
  5230 | D        | Got a serpentine rune of Zot
  5243 | D        | Got a steaming scimitar {god gift}
  5244 | D        | Identified the +8 scimitar of Deflation {flame, rPois MR-
                  | Dex+7} (Trog gifted it to you in the Dungeon)
  5333 | D        | Received a gift from Trog
  5340 | D        | Killed a ghost moth
  5349 | D        | Reached skill level 27 in Shields
  5366 | D        | Killed a ghost moth
  5383 | D        | Received a gift from Trog
  5693 | D        | Got a gossamer rune of Zot
  5719 | D        | Received a gift from Trog
  5753 | D        | Got a decaying rune of Zot
  5792 | D        | Noticed Ilsuiw
  5794 | D        | Received a gift from Trog
  5832 | D        | Killed Ilsuiw
  5832 | D        | Received a gift from Trog
  5843 | D        | Reached skill level 10 in Throwing
  5856 | D        | Received a gift from Trog
  5884 | D        | Got a barnacled rune of Zot
  5992 | D        | Noticed Saint Roka
  6010 | D        | Killed Saint Roka
  6010 | D        | Reached XP level 16. HP: 95/182 MP: 15/15
  6014 | D        | Received a gift from Trog
  6045 | D        | Noticed Mennas
  6087 | D        | Killed Mennas
  6087 | D        | Reached skill level 27 in Fighting
  6087 | D        | Reached skill level 27 in Long Blades
  6087 | D        | Reached skill level 15 in Dodging
  6503 | D        | Received a gift from Trog
  6540 | D        | Received a gift from Trog
  6574 | D        | Received a gift from Trog
  6623 | D        | Received a gift from Trog
  6693 | D        | Noticed a golden dragon
  6693 | D        | Noticed a tengu reaver
  6699 | D        | Killed a tengu reaver
  6699 | D        | Received a gift from Trog
  6704 | D        | Killed a golden dragon
  6706 | D        | Noticed a shadow dragon
  6719 | D        | Noticed a shadow dragon
  6737 | D        | Killed a shadow dragon
  6737 | D        | Received a gift from Trog
  6737 | D        | Reached skill level 15 in Throwing
  6744 | D        | Killed a shadow dragon
  6749 | D        | Noticed Gloorx Vloq
  6750 | D        | Noticed an Orb Guardian
  6753 | D        | Noticed an Executioner
  6756 | D        | Noticed an Executioner
  6757 | D        | Noticed an Executioner
  6767 | D        | HP: 4/183 [Executioner[Gloorx Vloq] (7)]
  6839 | D        | Killed an Orb Guardian
  7262 | D        | Noticed an Executioner
  7263 | D        | Noticed an Executioner
  7269 | D        | Noticed an Executioner
  7269 | D        | Noticed an Executioner
  7277 | D        | Noticed an Executioner
  7278 | D        | HP: 11/267 [??? (9)]
  7279 | D        | HP: 4/265 [Executioner[Gloorx Vloq] (2)]
  7279 | D        | Slain by an Executioner

Illustrated notes

Levels and vault maps discovered:
D:        linesprint [early_d, line_temple, items_1, d_10, items_2, lair_1,
          lair_end, items_3, orc_1, orc_end, items_4, d_15, swamp_1, shoals_1,
          snake_1, spider_1, d_20, vaults_1, items_5, swamp_end, shoals_end,
          snake_end, spider_end, vaults_end, d_27, items_6, zot_1, zot_end,
          crypt_end, forest_end, elf_end, slime_end, tomb_end, abyss_end,
          pan_hell_end]

Skill      XL: |  1  2  3  4  5  6  7  8  9 10 11 12 13 14 15 16 |
---------------+-------------------------------------------------+-----
Fighting       | 4 5 6 8 9 10 11 12 15 17 19 21 23 26 27 | 27.0
Armour         | 4 5 6 8 9 10 11 13 14 15 16 17 18 20 | 20.6
Shields        | 4 5 7 9 10 11 12 13 15 17 19 23 26 27 | 27.0
Long Blades    | 3 4 6 8 9 11 13 16 17 18 20 22 24 26 27 | 27.0
Dodging        | 1 2 3 4 5 6 7 8 9 10 13 22 | 22.8
Stealth        | 1 2 3 4 |  4.7
Evocations     | 1 |  1.3
Throwing       | 2 6 10 15 | 15.8

Action                   |  1- 3 |  4- 6 |  7- 9 | 10-12 | 13-15 | 16-18 || total
-------------------------+-------+-------+-------+-------+-------+-------++-------
Melee: Long sword        |    37 |       |       |       |       |       ||    37
       Headbutt          |     4 |       |    22 |    89 |   144 |    64 ||   323
       Scimitar          |       |     8 |    83 |   131 |       |       ||   222
       Double sword      |       |       |       |   119 |       |    30 ||   149
       Demon blade       |       |       |       |   101 |   526 |   214 ||   841
Throw: Javelin           |       |       |       |       |    31 |    17 ||    48
       Dart              |       |       |       |       |     2 |       ||     2
Invok: Berserk           |       |       |     1 |     7 |     8 |     4 ||    20
       Brothers in Arms  |       |       |       |       |     2 |       ||     2
Evoke: Wand              |       |       |       |     2 |       |       ||     2
  Use: Potion            |       |     2 |     1 |       |       |     8 ||    11
       Scroll            |       |       |       |     3 |     2 |     4 ||     9
Armor: Scale mail        |    14 |       |       |       |       |       ||    14
       Chain mail        |       |     7 |    13 |    38 |    45 |       ||   103
       Swamp dragon scal |       |       |       |       |    38 |    26 ||    64
Dodge: Dodged            |    10 |     9 |    17 |    58 |   119 |    72 ||   285
Block: Kite shield       |    21 |     6 |    34 |    70 |       |       ||   131
       Tower shield      |       |       |       |   110 |   416 |   204 ||   730
       Rpst.: Long sword |     6 |       |       |       |       |       ||     6
       Scimitar          |       |     2 |     5 |     4 |       |       ||    11
       Double sword      |       |       |       |     4 |       |     1 ||     5
       Demon blade       |       |       |       |     2 |    10 |     8 ||    20

Table legend: (Time is in decaauts)
 A = Elapsed time spent in this place.
 B = Non-inter-level travel time spent in this place.
 C = Inter-level travel time spent in this place.
 D = Time resting spent in this place.
 E = Time spent auto-exploring this place.
 F = Levels seen in this place.
 G = Mean time per level.
                   A        B        C        D        E       F      G
               +--------+--------+--------+--------+--------+-----+--------+
         Total |   7001 |   6920 |     81 |   3702 |    475 |   1 | 7001.0 |
       Dungeon |   7001 |   6920 |     81 |   3702 |    475 |   1 | 7001.0 |
               +--------+--------+--------+--------+--------+-----+--------+

Top non-repeatable levels by time:
       D: 7001 daAuts
